 Dungeon Crawl Stone Soup version 0.22.1-2-g9c5b331 (webtiles) character file.

60 TheAlmogaver the Magician (level 4, -3/32 HPs)
             Began as a Gnoll Wizard on Dec 22, 2018.
             Slain by a gnoll
             ... wielding a cursed +0 spear
              (11 damage)
             ... on level 2 of the Dungeon.
             The game lasted 00:08:08 (2129 turns).

TheAlmogaver the Magician (Gnoll Wizard)            Turns: 2129, Time: 00:08:09

Health: -3/32      AC:  2    Str: 10    XL:     4   Next: 4%
Magic:  5/13       EV: 14    Int: 21    God:
Gold:   104        SH:  0    Dex: 13    Spells: 6/17 levels left

rFire    . . .     SeeInvis .   c - +0 short sword
rCold    . . .     Gourm    .   (no shield)
rNeg     . . .     Faith    .   a - +0 robe
rPois    .         Spirit   .   b - +0 hat
rElec    .         Reflect  .   (no cloak)
rCorr    .         Harm     .   (no gloves)
MR       .....                  (no boots)
Stlth    +++.......             (no amulet)
HPRegen  0.10/turn              (no ring)
MPRegen  0.13/turn              (no ring)

@: very slightly contaminated
A: distributed training, fangs 1, strong nose
a: no special abilities


You were on level 2 of the Dungeon.
You were not hungry.

You visited 1 branch of the dungeon, and saw 2 of its levels.

You collected 104 gold pieces.

Inventory:

Hand Weapons
 c - a +0 short sword (weapon)
 k - a +1 mace of protection
 n - a +0 spear
Missiles
 h - 10 stones (quivered)
Armour
 a - a +0 robe (worn)
 b - a +0 hat (worn)
Scrolls
 e - 2 scrolls of identify {unknown}
 f - 2 scrolls of enchant armour {unknown}
 g - a scroll of teleportation {unknown}
 j - a scroll of enchant weapon {unknown}
Potions
 i - a potion of mutation {unknown}
 l - a potion of curing {unknown}
 m - a potion of heal wounds {unknown}
Comestibles
 d - 2 rations


   Skills:
 + Level 1.0 Fighting
 + Level 1.0 Short Blades
 + Level 1.0 Long Blades
 + Level 1.0 Axes
 + Level 1.0 Maces & Flails
 + Level 1.0 Polearms
 + Level 1.0 Staves
 + Level 1.0 Slings
 + Level 1.0 Bows
 + Level 1.0 Crossbows
 + Level 1.0 Throwing
 + Level 1.0 Armour
 + Level 4.6 Dodging
 + Level 4.2 Stealth
 + Level 1.0 Shields
 + Level 1.0 Unarmed Combat
 + Level 7.2 Spellcasting
 + Level 2.2 Conjurations
 + Level 0.7 Hexes
 + Level 0.7 Charms
 + Level 2.2 Summonings
 + Level 0.7 Necromancy
 + Level 2.2 Translocations
 + Level 0.7 Transmutations
 + Level 0.7 Fire Magic
 + Level 0.7 Ice Magic
 + Level 0.7 Air Magic
 + Level 0.7 Earth Magic
 + Level 0.7 Poison Magic
 + Level 1.1 Invocations
 + Level 1.0 Evocations


You had 6 spell levels left.
You knew the following spells:

 Your Spells              Type           Power        Failure   Level  Hunger
a - Magic Dart            Conj           ###.         3%          1    None
b - Blink                 Tloc           N/A          5%          2    None
c - Call Imp              Summ           ###.....     5%          2    None
d - Conjure Flame         Conj/Fire      ##......     14%         3    None
e - Mephitic Cloud        Conj/Pois/Air  ##......     16%         3    None

Your spell library contained the following spells:

 Spells                   Type           Power        Failure   Level  Hunger
 Slow                     Hex            ##......     10%         2    None


Dungeon Overview and Level Annotations

Branches:
Dungeon (2/15)

Altars:


Innate Abilities, Weirdness & Mutations

Your experience applies equally to all skills.
You have very sharp teeth.
Your uncanny sense of smell can sniff out nearby items.


Message History

A stone staircase leading up.
Casting: Call Imp (safe; 5% risk of failure)
Confirm with . or Enter, or press ? or * to list all spells.
A shadowy apparition takes form in the air.
The gnoll hits you from afar with a spear.
Casting: Call Imp (safe; 5% risk of failure)
Confirm with . or Enter, or press ? or * to list all spells.
A beastly little devil appears in a puff of frigid air.
The gnoll hits you from afar with a spear.
The gnoll hits you from afar with a spear!
* * * LOW HITPOINT WARNING * * *
Found 6 gold pieces.
You swap places.
The gnoll closely misses you.
Your crimson imp hits the gnoll but does no damage.
There is a stone staircase leading up, spattered with blood here.
Something barely misses your crimson imp.
Your white imp hits the gnoll but does no damage.
Your crimson imp hits the gnoll.
The gnoll hits you from afar with a spear!
You die...

#..## . #....∆
.$#.... ...$.
... #
#.###.#... #
#55g.....#
###..#.5##.#..#
...$..)@#∆
######...#
#..## #..# #...
##.. ###


You could see a gnoll, a friendly crimson imp, a friendly white imp and a
friendly shadow imp.

Vanquished Creatures
  A dart slug (D:1)
  A leopard gecko (D:1)
  3 ball pythons (D:1)
  4 bats (D:1)
  3 giant cockroaches (D:1)
  7 goblins (D:1)
  4 hobgoblins (D:1)
  2 jackals (D:1)
  4 kobolds (D:1)
  A quokka (D:2)
  2 frilled lizards (D:1)
  2 rats (D:1)
34 creatures vanquished.

Vanquished Creatures (collateral kills)
  3 gnolls (D:1)
  A frilled lizard (D:1)
  2 rats (D:1)
6 creatures vanquished.

Grand Total: 40 creatures vanquished

Notes
Turn   | Place    | Note
-------+----------+-------------------------------------------
     0 | D:1      | TheAlmogaver the Gnoll Wizard began the quest for the Orb.
     0 | D:1      | Reached XP level 1. HP: 13/13 MP: 8/8
   113 | D:1      | Reached XP level 2. HP: 18/19 MP: 1/10
   796 | D:1      | Reached XP level 3. HP: 17/25 MP: 0/11
   800 | D:1      | Learned a level 2 spell: Blink
   803 | D:1      | Learned a level 2 spell: Call Imp
   807 | D:1      | Learned a level 3 spell: Conjure Flame
   811 | D:1      | Learned a level 3 spell: Mephitic Cloud
  1158 | D:1      | Reached skill level 1 in Invocations
  1591 | D:2      | HP: 1/25 [gnoll/spear (6)]
  2017 | D:1      | Reached skill level 1 in Fighting
  2017 | D:1      | Reached skill level 1 in Short Blades
  2017 | D:1      | Reached skill level 1 in Long Blades
  2017 | D:1      | Reached skill level 1 in Axes
  2017 | D:1      | Reached skill level 1 in Maces & Flails
  2017 | D:1      | Reached skill level 1 in Polearms
  2017 | D:1      | Reached skill level 1 in Staves
  2017 | D:1      | Reached skill level 1 in Slings
  2017 | D:1      | Reached skill level 1 in Bows
  2017 | D:1      | Reached skill level 1 in Crossbows
  2017 | D:1      | Reached skill level 1 in Throwing
  2017 | D:1      | Reached skill level 1 in Armour
  2017 | D:1      | Reached skill level 1 in Shields
  2017 | D:1      | Reached skill level 1 in Unarmed Combat
  2017 | D:1      | Reached skill level 1 in Evocations
  2020 | D:1      | Reached XP level 4. HP: 24/32 MP: 1/13
  2129 | D:2      | Slain by a gnoll

Skill      XL: |  1  2  3 |
---------------+----------+-----
Conjurations   | 2 |  2.2
Summonings     | 2 |  2.2
Translocations | 2 |  2.2
Invocations    | 1 |  1.1
Fighting       | 1 |  1.0
Short Blades   | 1 |  1.0
Long Blades    | 1 |  1.0
Axes           | 1 |  1.0
Maces & Flails | 1 |  1.0
Polearms       | 1 |  1.0
Staves         | 1 |  1.0
Slings         | 1 |  1.0
Bows           | 1 |  1.0
Crossbows      | 1 |  1.0
Throwing       | 1 |  1.0
Armour         | 1 |  1.0
Shields        | 1 |  1.0
Unarmed Combat | 1 |  1.0
Evocations     | 1 |  1.0
Dodging        | |  4.6
Stealth        | |  4.2
Spellcasting   | |  7.2
Hexes          | |  0.7
Charms         | |  0.7
Necromancy     | |  0.7
Transmutations | |  0.7
Fire Magic     | |  0.7
Ice Magic      | |  0.7
Air Magic      | |  0.7
Earth Magic    | |  0.7
Poison Magic   | |  0.7

Action                   |  1- 3 |  4- 6 || total
-------------------------+-------+-------++-------
Melee: Short sword       |     9 |       ||     9
 Cast: Magic Dart        |    93 |       ||    93
       Call Imp          |    10 |     3 ||    13
       Blink             |     3 |       ||     3
  Eat: Ration            |     1 |       ||     1
       Chunk             |     1 |       ||     1
Armor: Robe              |     6 |       ||     6
Dodge: Dodged            |    29 |     1 ||    30
